 Dungeon Crawl Stone Soup version 0.31.0-11-ge490571c62 (webtiles) character file.

Game seed: 6177027434946606200

535 ezpacito the Trooper (level 7, -1/54 HPs)
             Began as a Demonspawn Berserker on Jan 31, 2024.
             Was a Priest of Trog.
             Slain by a gnoll
             ... wielding a +0 halberd
             ... led by a gnoll bouda
              (6 damage)
             ... on level 4 of the Dungeon.
             The game lasted 00:06:52 (2668 turns).

ezpacito the Trooper (Demonspawn Berserker)         Turns: 2668, Time: 00:06:53

Health: -1/54      AC: 14    Str: 18    XL:     7   Next: 4%
Magic:  0/7        EV:  6    Int:  7    God:    Trog [***...]
Gold:   184        SH:  0    Dex: 14    Spells: 6/6 levels left

rFire   . . .        k - +8 orcbow "Qoyjaofu" {freeze, *Corrode Will+++}
rCold   . . .        (shield currently unavailable)
rNeg    . . .        l - +1 plate armour
rPois   .            c - +1 helmet
rElec   .            (no cloak)
rCorr   .            (no gloves)
SInv    .            (no boots)
Will    +++..        (no amulet) Stlth
                     (no ring)
HPRegen 0.29/turn    (no ring)
MPRegen 0.20/turn

%: corrode self (3%), guardian spirit
@: about to teleport
A: hooves 1, magic shield, magic regeneration, inability to drink after injury 1
a: Renounce Religion, Berserk, Trog's Hand


You were on level 4 of the Dungeon.
You worshipped Trog.
Trog was most pleased with you.
You visited 1 branch of the dungeon, and saw 4 of its levels.
You also visited: Sewer.

You collected 184 gold pieces.

Inventory:

Hand Weapons
 a - a +0 hand axe
 k - the +8 orcbow "Qoyjaofu" (weapon) {freeze, *Corrode Will+++}
   (You found it on level 2 of the Dungeon)

   Will+++:   It greatly increases your willpower.
   *Corrode:  It may corrode you when you take damage.
Missiles
 g - 68 stones
 i - 11 poisoned darts
 n - 6 atropa-tipped darts
Armour
 c - a +1 helmet (worn)
 e - a +0 kite shield
 l - a +1 plate armour (worn)
 r - a +1 hat
Scrolls
 j - a scroll of fear {unknown}
 q - a scroll of silence {unknown}
Potions
 b - a potion of brilliance {unknown}
 d - a potion of lignification
 m - 7 potions of mutation
 o - a potion of magic {unknown}


   Skills:
 * Level 4.0 Fighting
 * Level 3.7 Axes
 * Level 4.0 Ranged Weapons
 * Level 1.4 Throwing
 * Level 2.7 Armour
 + Level 1.9 Dodging
 * Level 1.8 Stealth
 * Level 1.4 Unarmed Combat


You had 6 spell levels left.
You didn't know any spells.
Your spell library contained the following spells:

 Spells                   Type           Power      Damage    Failure   Level
 Freeze                   Ice            0%         1d3       100%        1
 Scorch                   Fire           0%         2d5       100%        2
 Frozen Ramparts          Ice            0%         1d1       100%        3
 Fugue of the Fallen      Necr           0%         N/A       100%        3
 Hailstorm                Conj/Ice       0%         3d5       100%        3
 Ozocubu's Armour         Ice            0%         N/A       100%        3
 Tukima's Dance           Hex            0%         N/A       100%        3
 Flame Wave               Conj/Fire      0%         2d4       100%        4
 Manifold Assault         Tloc           0%         N/A       100%        4
 Passage of Golubria      Tloc           0%         N/A       100%        4
 Yara's Violent Unravell  Hex/Alch       0%         3d3       100%        5
 Summon Cactus Giant      Summ           0%         N/A       100%        6


Dungeon Overview and Level Annotations

Branches:
Dungeon (4/15)             Temple (0/1) D:4           Sewer (visited)

Altars:
Fedhas
Yredelemnul


Innate Abilities, Weirdness & Mutations

You have large cloven feet.
When hurt, damage is shared between your health and your magic reserves.
You regenerate magic rapidly.
You occasionally lose the ability to drink potions when taking damage.


Message History

The arrow freezes the gnoll bouda.
You kill the gnoll bouda!
Trog accepts your kill. The gnoll hits you with a +0 flail.
The gnoll barely misses you. x2
The gnoll hits you from afar with a +0 halberd.
Your Fighting skill increases to level 4!
Your Ranged Weapons skill increases to level 4!
You have reached level 7!
Your demonic ancestry asserts itself...
Your feet thicken and deform.
You shoot an arrow.
The arrow hits the gnoll but does no damage.
The gnoll hits you with a +0 flail.
The gnoll hits you from afar with a +0 halberd.
The gnoll hits you with a +0 flail.
The gnoll hits you from afar with a +0 halberd.
Unknown command.
The gnoll hits you with a +0 flail. The gnoll hits you but does no damage.
Things that are here:
a +0 whip; a +0 leather armour You shoot an arrow.
The arrow closely misses the gnoll.
The gnoll is no longer moving quickly.
The gnoll barely misses you. The gnoll hits you with a +0 halberd.
The gnoll hits you but does no damage.
Unknown command.
You shoot an arrow. The arrow hits the gnoll.
The arrow freezes the gnoll.
The gnoll is lightly wounded.
The gnoll closely misses you. The gnoll hits you with a +0 flail!
The gnoll hits you with a +0 halberd!
* * * LOW HITPOINT WARNING * * *
The gnoll hits you but does no damage.
Unknown command.
Okay, then.
Okay, then.
As you read the scroll of teleportation, it crumbles to dust.
You feel strangely unstable. The gnoll hits you with a +0 halberd.
* * * LOW HITPOINT WARNING * * *
The gnoll hits you with a +0 flail.
* * * LOW HITPOINT WARNING * * *
The gnoll hits you from afar with a +0 halberd!
You die...

.#
##................
## ##...............
# ##.......†......
#..............
#...##.........
#####
##.).#####.......
...[##### #...##
##...... ........#
######)g.# ###....
..†.....# #..##@g.##
####.
........####......##
##
..................#
........≈≈≈≈≈≈≈..##
# .......≈≈≈≈≈≈....#
# .......≈≈_....8..#
##
.......≈≈≈≈≈≈....#
#.
...<....≈≈≈≈≈≈≈..#
#.
#...#............#
#.


You could see 2 gnolls.

Vanquished Creatures
  Grinder (D:3)
  A kobold brigand (Sewer)
  A gnoll bouda (D:4)
  2 iguanas
  A sleepcap (D:3)
  2 gnolls (D:4)
  4 adders
  A river rat (D:3)
  4 ribbon worms
  2 dart slugs
  6 orcs
  9 ball pythons
  7 bats
  8 endoplasms
  3 giant cockroaches (D:1)
  4 goblins
  4 hobgoblins
  2 quokkas
  4 frilled lizards
  12 kobolds
  8 rats
86 creatures vanquished.

Notes
Turn   | Place    | Note
-------+----------+-------------------------------------------
     0 | D:1      | ezpacito the Demonspawn Berserker began the quest for the
                  | Orb.
     0 | D:1      | Reached XP level 1. HP: 18/18 MP: 1/1
    91 | D:1      | Gained mutation: You regenerate magic rapidly. [demonic
                  | ancestry]
    91 | D:1      | Reached XP level 2. HP: 20/24 MP: 2/2
   356 | D:1      | Reached ** piety under Trog
   359 | D:1      | Reached XP level 3. HP: 29/29 MP: 3/3
   571 | D:2      | Identified the +8 orcbow "Qoyjaofu" {freeze, *Corrode
                  | Will+++}
   951 | D:2      | Found a basalt altar of Yredelemnul.
  1304 | D:3      | Reached XP level 4. HP: 35/35 MP: 4/4
  1306 | D:3      | Noticed Grinder
  1331 | D:3      | Reached skill level 1 in Ranged Weapons
  1333 | D:3      | Gained mutation: You occasionally lose the ability to drink
                  | potions when taking damage. [potion of mutation]
  1336 | D:3      | Killed Grinder
  1337 | D:3      | Reached skill level 1 in Throwing
  1337 | D:3      | Reached skill level 1 in Stealth
  1337 | D:3      | Reached skill level 1 in Unarmed Combat
  1337 | D:3      | Reached XP level 5. HP: 41/42 MP: 5/5
  1337 | D:3      | Gained mutation: When hurt, damage is shared between your
                  | health and your magic reserves. [demonic ancestry]
  1337 | D:3      | Reached XP level 6. HP: 46/48 MP: 6/6
  1395 | D:3      | Found a glowing drain.
  1399 | Sewer    | Entered a sewer
  1647 | Sewer    | Reached *** piety under Trog
  2472 | D:4      | Found a staircase to the Ecumenical Temple.
  2501 | D:4      | Found a blossoming altar of Fedhas.
  2663 | D:4      | Gained mutation: You have large cloven feet. [demonic
                  | ancestry]
  2663 | D:4      | Reached XP level 7. HP: 47/54 MP: 5/7
  2668 | D:4      | Slain by a gnoll

Illustrated notes

Levels and vault maps discovered:
D:1:      scummos_arrival_forest, layout_rooms, hex_large
D:2:      layout_loops_ring, basic_altar
D:3:      layout_loops_ring, gup_sewer_entry_bowl, minmay_ruptured, uniq_grinder
D:4:      layout_cave_pods, mainiacjoe_overflow_catwalk,
          minmay_temple_entry_antechambers

Skill      XL: |  1  2  3  4  5  6 |
---------------+-------------------+-----
Armour         | 2 |  2.7
Axes           | 3 |  3.7
Ranged Weapons | 3 4 |  4.0
Throwing       | 1 |  1.4
Stealth        | 1 |  1.8
Unarmed Combat | 1 |  1.4
Fighting       | 4 |  4.0
Dodging        | |  1.9

Action                     |  1- 3 |  4- 6 |  7- 9 || total
---------------------------+-------+-------+-------++-------
  Melee: Hand axe          |    60 |       |       ||    60
   Fire: Orcbow            |    22 |   105 |     3 ||   130
    Use: Scroll            |     2 |     1 |     1 ||     4
         Potion            |       |    11 |       ||    11
 Armour: Ring mail         |    26 |       |       ||    26
         Animal skin       |     3 |       |       ||     3
         Plate armour      |    16 |   114 |    14 ||   144
         Skin              |       |     5 |       ||     5
  Dodge: Dodged            |    47 |    42 |     2 ||    91
